 Dungeon Crawl Stone Soup version 0.18.1-47-g9310371 (webtiles) character file.

522 mkm the Ducker (level 7, 0/67 HPs)
             Began as a Troll Fighter on June 16, 2016.
             Was an Initiate of Okawaru.
             Slain by an orc priest
             ... wielding a +0 mace
              (6 damage)
             ... on level 5 of the Dungeon.
             The game lasted 00:22:35 (3435 turns).

mkm the Ducker (Troll Fighter)                      Turns: 3435, Time: 00:22:36

Health: 0/67       AC:  5    Str: 26    XL:     7   Next: 1%
Magic:  6/6        EV:  9    Int:  4    God:    Okawaru [......]
Gold:   145        SH: 10    Dex: 10    Spells: 0 memorised, 6 levels left

rFire  x . .     SeeInvis .     t - +1 long sword (vamp)
rCold  + . .     Gourm    +     s - +0 robe
rNeg   . . .     Faith    .     c - +1 shield
rPois  .         Spirit   .     (helmet restricted)
rElec  .         Dismiss  .     (no cloak)
rCorr  .         Reflect  .     (gloves unavailable)
SustAt .         Harm     +     (boots unavailable)
MR     .....                    p - amulet of harm
Stlth  +.........               (no ring)
                                o - ring of ice

@: not resistant to hostile enchantments, very unstealthy
A: unfitting armour, claws 3, fast metabolism 3, gourmand, regeneration 2,
shaggy fur 1, tough skin 2
a: Renounce Religion


You were on level 5 of the Dungeon.
You worshipped Okawaru.
Okawaru was noncommittal.
You were not hungry.

You visited 2 branches of the dungeon, and saw 6 of its levels.

You collected 145 gold pieces.

Inventory:

Hand Weapons
 a - a +0 war axe
 l - a +0 hunting sling
 n - a +0 hand axe of venom
 t - a +1 vampiric long sword (weapon)
Armour
 c - a +1 shield (worn)
 s - a +0 robe (worn)
Jewellery
 o - a ring of ice (left claw)
 p - an amulet of harm (around neck)
 u - an uncursed ring of see invisible {unknown}
Wands
 b - a wand of iceblast (7/15)
 m - a wand of flame (10/48)
 w - a wand of slowing (31/48)
Scrolls
 e - 2 scrolls of identify
 g - 2 scrolls of remove curse
 q - a scroll of fog {unknown}
 r - a scroll of recharging {unknown}
Potions
 d - 2 potions of might
 h - 2 potions of curing {unknown}
 i - a potion of ambrosia {unknown}
Comestibles
 f - 4 bread rations
 j - 3 beef jerkies
 k - 3 meat rations


   Skills:
 + Level 3.2 Fighting
 + Level 0.8 Long Blades
 + Level 2.3 Axes
 + Level 4.6 Dodging
 + Level 0.9 Stealth
 + Level 4.0 Shields


You had 6 spell levels left.
You didn't know any spells.

Dungeon Overview and Level Annotations

Branches:
Dungeon (5/15)             Temple (1/1) D:5

Altars:
Dithmenos
Elyvilon
Fedhas
Gozag
Kikubaaqudgha
Makhleb
Nemelex Xobeh
Okawaru
Pakellas
Qazlal
Ru
Sif Muna
Xom
Zin
Jiyva


Innate Abilities, Weirdness & Mutations

You are too large for most types of armour.
You have claws for hands.
Your metabolism is lightning-fast.
You like to eat raw meat.
You heal very quickly.
You are covered in fur (AC +1).
You have very tough skin (AC +2).


Message History

The orc hits you with a flail. The orc priest barely misses you.
You hit the orc.
You feel better.
You kill the orc!
Okawaru accepts your kill. You block the orc priest's attack.
The orc priest calls down the wrath of Beogh upon you.
Beogh smites you!
* * * LOW HITPOINT WARNING * * *
Items here: $ )) † a flail; a hand crossbow; 14 gold pieces; an orc corpse You slash the orc priest!
The orc priest is almost dead.
The orc priest mumbles some strange prayers to Beogh against you.
You struggle to resist.
The orc priest calls down the wrath of Beogh upon you.
Beogh smites you!
* * * LOW HITPOINT WARNING * * *
You hear a shout!
The orc priest hits you with a mace.
You die...

.# .# .# ###### .# .#
###.. ....... .# .# .
..P##.._..##.# .#.#
#.P..........###### .#.#
..P............... ...#
#..P###.P..#####. .###
#...P#.P...# .#
#......P)@.# .#
#......o..# .#
######...##..### .##
#.................. ..#
#.####...####......
♣.####>###.....########.
..........).#..†.......
♣..#######.....#######.
..## ##...##


You could see an orc priest.

Vanquished Creatures
  Menkaure (D:5)
  2 scorpions (D:5)
  Terence (D:2)
  An orc priest (D:5)
  An iguana (D:5)
  3 worker ants
  4 adders
  An ooze (D:1)
  3 worms
  3 dart slugs
  3 giant geckos
  14 orcs
  A giant cockroach (D:2)
  7 goblins
  9 hobgoblins
  5 jackals
  2 quokkas
  10 bats
  3 giant newts
  8 kobolds
  4 rats
  2 withered plants (D:5)
88 creatures vanquished.

Vanquished Creatures (others)
  2 withered plants (D:5)
2 creatures vanquished.

Grand Total: 90 creatures vanquished

Notes
Turn   | Place    | Note
--------------------------------------------------------------
     0 | D:1      | mkm the Troll Fighter began the quest for the Orb.
     0 | D:1      | Reached XP level 1. HP: 22/22 MP: 0/0
   151 | D:1      | Reached XP level 2. HP: 28/29 MP: 1/1
  1017 | D:2      | Found an oddly glowing altar of Pakellas.
  1105 | D:2      | Reached XP level 3. HP: 35/36 MP: 2/2
  1613 | D:2      | Noticed Terence
  1626 | D:2      | Killed Terence
  1626 | D:2      | Reached XP level 4. HP: 5/44 MP: 3/3
  1938 | D:3      | Found an opulent altar of Gozag.
  2348 | D:3      | Reached XP level 5. HP: 52/52 MP: 4/4
  2653 | D:4      | Found a shimmering altar of Xom.
  2675 | D:4      | Found a white marble altar of Elyvilon.
  2732 | D:4      | You fall through a shaft!
  2732 | D:5      | Entered Level 5 of the Dungeon
  2795 | D:5      | Found an oddly glowing altar of Pakellas.
  2896 | D:5      | Found an iron altar of Okawaru.
  2916 | D:5      | Became a worshipper of Warmaster Okawaru
  3045 | D:5      | Reached XP level 6. HP: 51/61 MP: 5/5
  3059 | D:5      | Found a staircase to the Ecumenical Temple.
  3069 | Temple   | Entered the Ecumenical Temple
  3275 | D:5      | Noticed Menkaure
  3320 | D:5      | Killed Menkaure
  3411 | D:5      | Found an ancient bone altar of Kikubaaqudgha.
  3425 | D:5      | Reached XP level 7. HP: 67/67 MP: 6/6
  3435 | D:5      | Slain by an orc priest

Skill      XL: |  1  2  3  4  5  6 |
---------------+-------------------+-----
Dodging        | 3 4 |  4.6
Axes           | 2 |  2.3
Shields        | 3 4 |  4.0
Fighting       | 3 |  3.2
Long Blades    | |  0.8
Stealth        | |  0.9

Action                   |  1- 3 |  4- 6 |  7- 9 || total
-------------------------+-------+-------+-------++-------
Melee: War axe           |    99 |       |       ||    99
       Hand axe          |       |   107 |       ||   107
       Long sword        |       |    82 |     7 ||    89
  Use: Scroll            |     1 |     4 |       ||     5
  Eat: Chunk             |    16 |    17 |       ||    33
       Bread ration      |     1 |       |       ||     1
Armor: Robe              |    51 |    66 |       ||   117
Dodge: Dodged            |    53 |    74 |     4 ||   131
Block: Shield            |    55 |   138 |     7 ||   200
